 Dungeon Crawl Stone Soup version 0.21-a0-552-g593960d (webtiles) character file.

572 tidbits the Magician (level 7, -3/56 HPs)
             Began as a Gnoll Wanderer on Dec 17, 2017.
             Slain by an ice beast (7 damage)
             ... on level 4 of the Dungeon on Dec 18, 2017.
             The game lasted 00:14:16 (1027 turns).

tidbits the Magician (Gnoll Wanderer)               Turns: 1027, Time: 00:14:16

Health: -3/56      AC:  3    Str: 13    XL:     7   Next: 34%
Magic:  16/24      EV: 13    Int: 18    God:
Gold:   169        SH:  0    Dex: 14    Spells: 16/17 levels left

rFire    . . .     SeeInvis .   a - +2 shortbow
rCold    . . .     Gourm    .   (shield currently unavailable)
rNeg     . . .     Faith    .   e - +0 robe
rPois    .         Spirit   .   (helmet restricted)
rElec    +         Reflect  .   (no cloak)
rCorr    .         Harm     .   v - +0 pair of gloves
MR       .....                  (no boots)
Stlth    ++........             (no amulet)
HPRegen  0.18/turn              y - ring of magical power
MPRegen  0.19/turn              (no ring)

@: very slightly contaminated
A: distributed training, fangs 1, horns 1, electricity resistance, strong nose
a: no special abilities


You were on level 4 of the Dungeon.
You were full.

You visited 1 branch of the dungeon, and saw 4 of its levels.

You collected 169 gold pieces.

Inventory:

Hand Weapons
 a - a +2 shortbow (weapon)
 k - a +0 blowgun
 l - a +1 dagger of holy wrath
   (You took it off an orc wizard on level 4 of the Dungeon)
 o - a +0 short sword
 q - a -1 whip
 t - a +0 flail
 u - a +1 spear of freezing
   (You took it off a gnoll on level 3 of the Dungeon)
 x - a +0 short sword
Missiles
 b - 18 arrows (quivered)
 d - 55 stones
 g - 3 javelins
 m - 15 poisoned needles
 p - 5 needles of paralysis
Armour
 e - a +0 robe (worn)
 v - a +0 pair of gloves (worn)
Jewellery
 y - a ring of magical power (left hand)
   (You found it on level 4 of the Dungeon)
Scrolls
 h - a scroll of teleportation {unknown}
 s - a scroll of magic mapping {unknown}
 z - a scroll of remove curse
Potions
 i - a potion of might {unknown}
 j - a potion of cancellation
 r - a potion of berserk rage {unknown}
 w - a potion of mutation {!q}
Books
 f - Imouhouc's Papyrus of Intoxication

   Spells                             Type                      Level
   a - Sting                          Conjuration/Poison           1
   b - Ignite Poison                  Fire/Transmutation/Poison    3
Comestibles
 c - 2 bread rations


   Skills:
 + Level 5.2 Fighting
 + Level 2.3 Short Blades
 + Level 2.3 Long Blades
 + Level 2.3 Axes
 + Level 2.3 Maces & Flails
 + Level 2.3 Polearms
 + Level 2.3 Staves
 + Level 2.3 Slings
 + Level 3.5 Bows
 + Level 2.3 Crossbows
 + Level 2.3 Throwing
 + Level 5.2 Armour
 + Level 2.3 Dodging
 + Level 3.4 Stealth
 + Level 3.5 Shields
 + Level 2.3 Unarmed Combat
 + Level 5.5 Spellcasting
 + Level 1.9 Conjurations
 + Level 1.9 Hexes
 + Level 1.9 Charms
 + Level 1.9 Summonings
 + Level 1.9 Necromancy
 + Level 1.9 Translocations
 + Level 1.9 Transmutations
 + Level 1.9 Fire Magic
 + Level 1.9 Ice Magic
 + Level 1.9 Air Magic
 + Level 1.9 Earth Magic
 + Level 2.9 Poison Magic
 + Level 2.6 Invocations
 + Level 2.3 Evocations


You had 16 spell levels left.
You knew the following spells:

 Your Spells              Type           Power        Failure   Level  Hunger
a - Sting                 Conj/Pois      ##..         4%          1    None


Dungeon Overview and Level Annotations

Branches:
Dungeon (4/15)
 Temple: D:4-7

Altars:
Uskayaw


Innate Abilities, Weirdness & Mutations

Your experience applies equally to all skills.
You have very sharp teeth.
Your uncanny sense of smell can sniff out nearby items.
You have a pair of small horns on your head.
You are resistant to electric shocks. (rElec)


Message History

Aim: an orc wizard, wielding a dagger of holy wrath and wearing a robe (moderately wounded, fast)
You shoot an arrow. The arrow hits the giant cockroach.
You kill the giant cockroach!
Casting: Sting
Confirm with . or Enter, or press ? or * to list all spells.
Aiming: Sting
Press: ? - help, Shift-Dir - straight line, f/p - orc wizard
Aim: an orc wizard, wielding a dagger of holy wrath and wearing a robe (moderately wounded, fast)
The sting hits the orc wizard.
The orc wizard is moderately wounded.
The orc wizard points at you and mumbles some strange words.
The puff of flame hits you!
* * * LOW HITPOINT WARNING * * *
An orc comes into view. It is wielding a hand axe.
Casting: Sting
Confirm with . or Enter, or press ? or * to list all spells.
Aiming: Sting
Press: ? - help, Shift-Dir - straight line, f/p - orc wizard
Aim: an orc wizard, wielding a dagger of holy wrath and wearing a robe (moderately wounded, fast)
The sting misses the orc wizard.
The orc shouts!
The orc wizard gestures at you while chanting.
The puff of frost hits you!
* * * LOW HITPOINT WARNING * * *
Casting: Sting
Confirm with . or Enter, or press ? or * to list all spells.
Aiming: Sting
Press: ? - help, Shift-Dir - straight line, f/p - orc wizard
Aim: an orc wizard, wielding a dagger of holy wrath and wearing a robe (moderately wounded, fast)
The sting misses the orc wizard.
The orc wizard hits you with a dagger of holy wrath.
* * * LOW HITPOINT WARNING * * *
The orc wizard hits you but does no damage.
You feel better.
The orc wizard hits you but does no damage.
Casting: Sting
Confirm with . or Enter, or press ? or * to list all spells.
Aiming: Sting
Press: ? - help, Shift-Dir - straight line, f/p - orc wizard
Aim: an orc wizard, wielding a dagger of holy wrath and wearing a robe (moderately wounded, fast)
The sting misses the orc wizard.
The orc wizard gestures at you while chanting.
The magic dart hits you!
* * * LOW HITPOINT WARNING * * *
The orc wizard points at you and mumbles some strange words.
The magic dart hits you!
* * * LOW HITPOINT WARNING * * *
Casting: Sting
Confirm with . or Enter, or press ? or * to list all spells.
Aiming: Sting
Press: ? - help, Shift-Dir - straight line, f/p - orc wizard
Aim: an orc wizard, wielding a dagger of holy wrath and wearing a robe (moderately wounded, fast)
The sting hits the orc wizard.
The orc wizard is poisoned.
The orc wizard is severely wounded.
The orc wizard hits you with a dagger of holy wrath.
* * * LOW HITPOINT WARNING * * *
Casting: Sting
Confirm with . or Enter, or press ? or * to list all spells.
Aiming: Sting
Press: ? - help, Shift-Dir - straight line, f/p - orc wizard
Aim: an orc wizard, wielding a dagger of holy wrath and wearing a robe (almost dead, fast, poisoned)
The sting misses the orc wizard.
The orc wizard closely misses you.
The orc wizard hits you with a dagger of holy wrath.
* * * LOW HITPOINT WARNING * * *
You feel better. The orc wizard casts a spell at you. The magic dart hits you!
* * * LOW HITPOINT WARNING * * *
Firing (i - inventory. (,) - cycle):
b - 17 arrows (quivered)
Press: ? - help, Shift-Dir - straight line, f - orc, p - orc wizard
Aim: an orc, wielding a hand axe and wearing a tubular ruby ring You shoot an arrow.
The arrow hits the orc wizard.
You kill the orc wizard!
Casting: Sting
Confirm with . or Enter, or press ? or * to list all spells.
Aiming: Sting
Press: ? - help, Shift-Dir - straight line, f/p - orc
Aim: an orc, wielding a hand axe and wearing a tubular ruby ring You miscast Sting.
You are very lightly contaminated with residual magic.
Your skin glows momentarily.
The orc completely misses you.
You feel better. The orc hits you with a hand axe.
* * * LOW HITPOINT WARNING * * *
As you read the scroll of fear, it crumbles to dust.
You assume a fearsome visage.
The ogre looks frightened!
The orc looks frightened!
Items here: ( ) [ † a dagger of holy wrath; a robe; 2 arrows; a giant cockroach corpse
l - a dagger of holy wrath;
b - 18 arrows (gained 2)
An ice beast comes into view.
Found 7 gold pieces.
It was a potion of mutation.
You feel extremely strange. A pair of horns grows on your head!
You feel insulated.
Okay, then.
Unknown command.
Okay, then.
The ice beast hits you.
* * * LOW HITPOINT WARNING * * *
The ice beast freezes you!
You die...

.. ∆ #. #. #. ### #$ #..
#. #.# #.# # #.#######.#
#.# ###.####..Y@...#.#
#.# .
.......#######.#.######.#
O.o((..[................#
.##.##.###.#######.#.#..#
#. #.# #(#.#..# . #. #.#
#.#.#.<# . #. #.#
#......# #. #.# #.#.#..#
∆ #. #.# #......#


You could see an ice beast.

Vanquished Creatures
  Grinder (D:3)
  A big kobold (D:3)
  A bullfrog (D:2)
  3 orc wizards
  8 gnolls
  3 adders
  An ooze (D:2)
  2 worms (D:2)
  A dart slug (D:2)
  A leopard gecko (D:3)
  7 orcs
  3 giant cockroaches
  4 hobgoblins (D:2)
  3 jackals (D:2)
  A ball python (D:4)
  5 bats
  A goblin (D:1)
  5 kobolds
  3 rats
54 creatures vanquished.

Notes
Turn   | Place    | Note
-------+----------+-------------------------------------------
     0 | D:1      | tidbits the Gnoll Wanderer began the quest for the Orb.
     0 | D:1      | tidbits set off with: a +2 shortbow, 21 arrows, Imouhouc's Papyrus of Intoxication, a potion of lignification, a +0 robe, a bread ration
     0 | D:1      | Reached XP level 1. HP: 20/20 MP: 6/6
     0 | D:1      | Identified Imouhouc's Papyrus of Intoxication
     2 | D:1      | Learned a level 1 spell: Sting
   125 | D:2      | Reached skill level 2 in Poison Magic
   125 | D:2      | Reached XP level 2. HP: 26/26 MP: 5/7
   209 | D:2      | Noticed a bullfrog
   214 | D:2      | Killed a bullfrog
   214 | D:2      | Reached skill level 1 in Short Blades
   214 | D:2      | Reached skill level 1 in Long Blades
   214 | D:2      | Reached skill level 1 in Axes
   214 | D:2      | Reached skill level 1 in Maces & Flails
   214 | D:2      | Reached skill level 1 in Polearms
   214 | D:2      | Reached skill level 1 in Staves
   214 | D:2      | Reached skill level 1 in Slings
   214 | D:2      | Reached skill level 1 in Crossbows
   214 | D:2      | Reached skill level 1 in Throwing
   214 | D:2      | Reached skill level 1 in Dodging
   214 | D:2      | Reached skill level 1 in Unarmed Combat
   214 | D:2      | Reached skill level 5 in Spellcasting
   214 | D:2      | Reached skill level 1 in Invocations
   214 | D:2      | Reached skill level 1 in Evocations
   214 | D:2      | Reached XP level 3. HP: 31/31 MP: 6/9
   214 | D:2      | Reached XP level 4. HP: 38/38 MP: 7/11
   264 | D:2      | Reached skill level 1 in Conjurations
   264 | D:2      | Reached skill level 1 in Hexes
   264 | D:2      | Reached skill level 1 in Charms
   264 | D:2      | Reached skill level 1 in Summonings
   264 | D:2      | Reached skill level 1 in Necromancy
   264 | D:2      | Reached skill level 1 in Translocations
   264 | D:2      | Reached skill level 1 in Transmutations
   264 | D:2      | Reached skill level 1 in Fire Magic
   264 | D:2      | Reached skill level 1 in Ice Magic
   264 | D:2      | Reached skill level 1 in Air Magic
   264 | D:2      | Reached skill level 1 in Earth Magic
   434 | D:3      | Reached XP level 5. HP: 19/43 MP: 5/12
   591 | D:3      | Reached skill level 3 in Bows
   591 | D:3      | Reached skill level 3 in Shields
   659 | D:3      | Reached XP level 6. HP: 15/50 MP: 0/13
   696 | D:3      | Found a hide-covered altar of Uskayaw.
   716 | D:3      | Reached skill level 2 in Invocations
   721 | D:3      | Noticed Grinder
   731 | D:3      | Reached skill level 3 in Stealth
   748 | D:3      | Paralysed by Grinder for 4 turns
   758 | D:3      | Killed Grinder
   758 | D:3      | Reached skill level 5 in Fighting
   758 | D:3      | Reached skill level 2 in Short Blades
   758 | D:3      | Reached skill level 2 in Long Blades
   758 | D:3      | Reached skill level 2 in Axes
   758 | D:3      | Reached skill level 2 in Maces & Flails
   758 | D:3      | Reached skill level 2 in Polearms
   758 | D:3      | Reached skill level 2 in Staves
   758 | D:3      | Reached skill level 2 in Slings
   758 | D:3      | Reached skill level 2 in Crossbows
   758 | D:3      | Reached skill level 2 in Throwing
   758 | D:3      | Reached skill level 5 in Armour
   758 | D:3      | Reached skill level 2 in Dodging
   758 | D:3      | Reached skill level 2 in Unarmed Combat
   758 | D:3      | Reached skill level 2 in Evocations
   758 | D:3      | Reached XP level 7. HP: 33/56 MP: 8/15
  1005 | D:4      | HP: 3/56 [orc wizard/dagger of holy wrath (3)]
  1025 | D:4      | Gained mutation: You have a pair of small horns on your head. [potion of mutation]
  1025 | D:4      | Gained mutation: You are resistant to electric shocks. (rElec) [potion of mutation]
  1027 | D:4      | HP: 4/56 [ice beast (4)]
  1027 | D:4      | Slain by an ice beast

Vault maps used:
D:1:      minmay_arrival_plants_in_alcoves
D:2:      first_bread
D:3:      overflow_temple_1_default, minmay_rat_hole, uniq_grinder

Skill      XL: |  1  2  3  4  5  6 |
---------------+-------------------+-----
Poison Magic   | 2 |  2.9
Short Blades   | 1 2 |  2.3
Long Blades    | 1 2 |  2.3
Axes           | 1 2 |  2.3
Maces & Flails | 1 2 |  2.3
Polearms       | 1 2 |  2.3
Staves         | 1 2 |  2.3
Slings         | 1 2 |  2.3
Crossbows      | 1 2 |  2.3
Throwing       | 1 2 |  2.3
Dodging        | 1 2 |  2.3
Unarmed Combat | 1 2 |  2.3
Spellcasting   | 5 |  5.5
Invocations    | 1 2 |  2.6
Evocations     | 1 2 |  2.3
Conjurations   | 1 |  1.9
Hexes          | 1 |  1.9
Charms         | 1 |  1.9
Summonings     | 1 |  1.9
Necromancy     | 1 |  1.9
Translocations | 1 |  1.9
Transmutations | 1 |  1.9
Fire Magic     | 1 |  1.9
Ice Magic      | 1 |  1.9
Air Magic      | 1 |  1.9
Earth Magic    | 1 |  1.9
Bows           | 3 |  3.5
Shields        | 3 |  3.5
Stealth        | 3 |  3.4
Fighting       | 5 |  5.2
Armour         | 5 |  5.2

Action                   |  1- 3 |  4- 6 |  7- 9 || total
-------------------------+-------+-------+-------++-------
Melee: Short sword       |       |     1 |       ||     1
       Unarmed           |       |    12 |       ||    12
 Fire: Shortbow          |    17 |    58 |    25 ||   100
Throw: Javelin           |       |     8 |       ||     8
 Cast: Sting             |    10 |    53 |    26 ||    89
  Use: Scroll            |       |     4 |     1 ||     5
       Potion            |       |     2 |     6 ||     8
 Stab: Sleeping          |       |     1 |       ||     1
  Eat: Royal jelly       |       |     1 |       ||     1
       Fruit             |       |     3 |       ||     3
Armor: Robe              |     5 |    13 |     3 ||    21
       Skin              |       |     6 |       ||     6
Dodge: Dodged            |     4 |    47 |    15 ||    66

Table legend:
 A = Spawn XP
 B = Non-spawn XP
 C = Spawn XP percentage of total XP
 D = Spawn monster count
 E = Non-spawn monster count
 F = Spawn count percentage of total count
 G = Total turns spent on level
                    A         B        C        D         E        F      G
               +---------+---------+-------+---------+---------+-------+---------
         Total |       0 |     818 |   0.0 |       0 |      54 |   0.0 |  1027
               +---------+---------+-------+---------+---------+-------+---------
           D:1 |       0 |       6 |   0.0 |       0 |       5 |   0.0 |   100
           D:2 |       0 |     168 |   0.0 |       0 |      20 |   0.0 |   427
           D:3 |       0 |     595 |   0.0 |       0 |      24 |   0.0 |   408
           D:4 |       0 |      49 |   0.0 |       0 |       5 |   0.0 |    92
               +---------+---------+-------+---------+---------+-------+---------

Table legend:
 A = Turns spent in this place as a percentage of turns spent in the entire game.
 B = Non-inter-level travel turns spent in this place as a percentage of non-inter-level travel turns spent in the entire game.
 C = Inter-level travel turns spent in this place as a percentage of turns spent in this place.
 D = Turns resting spent in this place as a percentage of non-inter-level travel turns spent in this place.
 E = Turns spent auto-exploring this place as a percentage of non-inter-level travel turns spent in this place.
 F = Non-inter-level travel turns spent in this place divided by the number of levels of this place that you've seen.
                   A       B       C       D       E      F
               +-------+-------+-------+-------+-------+----------------------
         Total | 100.0 | 100.0 |   1.3 |   0.0 |   0.0 | 253.5
       Dungeon | 100.0 | 100.0 |   1.3 |   0.0 |   0.0 | 253.5
               +-------+-------+-------+-------+-------+----------------------

Table legend:
 A = Kills in this place as a percentage of kills in entire the game.
 B = Kills by you in this place as a percentage of kills by you in the entire game.
 C = Kills by friends in this place as a percentage of kills by friends in the entire game.
 D = Other kills in this place as a percentage of other kills in the entire game.
 E = Experience gained in this place as a percentage of experience gained in the entire game.
 F = Experience gained in this place divided by the number of levels of this place that you have seen.
                   A       B       C       D       E      F
               +-------+-------+-------+-------+-------+----------------------
         Total | 100.0 | 100.0 |   N/A |   N/A | 100.0 | 204.5
       Dungeon | 100.0 | 100.0 |   N/A |   N/A | 100.0 | 204.5
               +-------+-------+-------+-------+-------+----------------------

Vault maps used:
D:1:      minmay_arrival_plants_in_alcoves
D:2:      first_bread
D:3:      overflow_temple_1_default, minmay_rat_hole, uniq_grinder
